cohdb
Replays
Latest Replays
All Replays
Popular Replays
Top Player Replays
Match Explorer
How It Works
Community
CoH3 Stats
Reddit
Sign in to upload your games and track your stats! →
Sign in with Steam
Match 39701547
Unlisted
Match 39701547
Overview
Messages
Build Orders
End
Construct Weapon Support Center
Construct Barracks
Selects Armored Battlegroup
Riflemen Squad
Riflemen Squad
M1 Mortar Team
Riflemen Squad
Air Support Center
Grenade Package
Construct Motor Pool
M1918 Browning Automatic Rifles
M24 Chaffee Light Tank
M1 Anti-tank Gun Team
Construct Medical Station
Selects Fast Deploy
Selects Assault Engineers
Assault Engineer Squad
Double Sortie
[EL] Salty Banter
[MSAF] Galian Squad ITA
Беашел
Mr.Larry.Mx
kenleung
MaPa
QWQ
饴果子
0
0
Comments
sign in to comment!
No comments posted yet!